AoeStats
← Roidz4

Arabia

509638183Analyzed
2v2 RM · 6d ago on Sep 27, 2026· 54m 51s· 4 players
Game mode
Random Map
Map size
Medium (4 player)
Population
200
Speed
Normal
Resources
Standard
Victory
Conquest
Starting age
Dark Age
Ending age
Imperial Age
RankedLock teamsTeams togetherTeam positionsShared explorationLock speedFull tech treeHidden civsTurbo modeCheats
Victory
Defeat
🇹🇼 Romans · Taiwan
1196
+11
🇿🇦 Ethiopians · South Africa
1137
+12
🇨🇳 Spanish · China
1082
-12
🇨🇳 Inca · China
1057
-11
Roidz4
7:18 Loom
9:41 Feudal Age
10:33 Double-Bit Axe
16:21 Fletching
24:12 Castle Age
24:47 Crossbowman
25:28 Bodkin Arrow
25:40 Scale Barding Armor
24:57 Light Cavalry
30:09 Padded Archer Armor
36:02 Ballistics
38:24 Imperial Age
40:45 Arbalester
44:55 Hussar
45:53 Bracer
TAG_MING
6:09 Loom
9:01 Feudal Age
9:45 Double-Bit Axe
9:22 Man-at-Arms
13:08 Fletching
13:14 Horse Collar
19:16 Wheelbarrow
22:43 Castle Age
21:49 Padded Archer Armor
21:50 Scale Mail Armor
23:05 Gold Mining
23:38 Bodkin Arrow
24:22 Bow Saw
26:09 Elite Skirmisher
27:48 Leather Archer Armor
27:57 Long Swordsman
29:38 Squires
30:19 Heavy Plow
31:41 Chain Mail Armor
31:36 Town Watch
32:41 Forging
33:03 Stone Mining
37:28 Imperial Age
35:57 Gold Shaft Mining
38:19 Hand Cart
38:07 Town Patrol
38:48 Bloodlines
38:38 Husbandry
38:00 Light Cavalry
38:24 Legionary
40:11 Conscription
39:31 Pikeman
41:54 Scale Barding Armor
42:25 Iron Casting
41:30 Halberdier
43:14 Comitatenses
43:18 Capped Ram
47:03 Chain Barding Armor
47:58 Cavalier
48:28 Siege Ram
51:56 Fervor
53:45 Blast Furnace
53:20 Plate Barding Armor
恶魔
11:54 Feudal Age
10:52 Loom
12:57 Double-Bit Axe
18:45 Castle Age
17:28 Gold Mining
18:53 Wheelbarrow
18:02 Horse Collar
20:41 Heavy Plow
21:18 Padded Archer Armor
22:53 Fletching
26:28 Bow Saw
27:55 Leather Archer Armor
32:11 Hand Cart
36:52 Imperial Age
34:23 Stone Mining
36:01 Stone Shaft Mining
38:14 Supremacy
38:14 Conscription
38:44 Ring Archer Armor
38:19 Scale Barding Armor
38:25 Cavalier
40:34 Chain Barding Armor
40:25 Forging
40:38 Bloodlines
42:00 Plate Barding Armor
42:49 Iron Casting
45:23 Paladin
51:46 Sappers
大皮鞭
8:02 Loom
9:50 Feudal Age
11:39 Champi Runner
13:16 Forging
13:07 Scale Mail Armor
13:22 Double-Bit Axe
13:20 Horse Collar
17:05 Wheelbarrow
22:33 Padded Archer Armor
23:01 Fletching
25:19 Castle Age
25:26 Gold Mining
26:40 Leather Archer Armor
26:21 Bodkin Arrow
25:51 Elite Skirmisher
26:00 Champi Warrior
26:43 Squires
30:10 Chain Mail Armor
30:20 Bow Saw
33:16 Heavy Plow
33:56 Iron Casting
39:50 Thumb Ring
44:08 Imperial Age
43:30 Town Watch
45:03 Hand Cart
44:28 Elite Champi Warrior
45:43 Plate Mail Armor
46:14 Blast Furnace
45:39 Ballistics
46:01 Bracer
46:31 Ring Archer Armor
48:14 Conscription
48:01 Fabric Shields
51:20 Conscription
52:11 Crop Rotation
53:26 Ring Archer Armor
Connection lost

Rejoining the realm…

Still unreachable

The connection could not be restored.

Session expired

The server has moved on; the page needs a fresh start.